 Dungeon Crawl Stone Soup version 0.32-a0-791-gfc315c9ecd (webtiles) character file.

Game seed: 1315049222882615229

58900 gimp the Eclecticist (level 14, -4/98 HPs)
             Began as a Barachi Earth Elementalist on Mar 20, 2024.
             Was a High Priest of Vehumet.
             Hit by a large rock thrown by a cyclops (30 damage)
             ... on level 2 of the Orcish Mines on Mar 21, 2024.
             The game lasted 00:37:54 (21938 turns).

gimp the Eclecticist (Barachi Earth Elementalist)  Turns: 21938, Time: 00:37:54

Health: -4/98      AC: 14    Str: 10    XL:     14   Next: 92%
Magic:  13/44      EV: 15    Int: 21    God:    Vehumet [*****.]
Gold:   1296       SH:  0    Dex: 12    Spells: 27/47 levels left

rFire   . . .        a - staff of alchemy
rCold   + . .        (no shield)
rNeg    . . .        S - +1 robe {rC+}
rPois   +            z - +2 helmet {SInv}
rElec   .            (no cloak)
rCorr   .            w - +1 Delatra's gloves {ID++}
SInv    +            P - +1 pair of boots
Will    +....        j - amulet of magic regeneration
Stlth   ++           o - ring of magical power
HPRegen 0.36/turn    m - +4 ring of protection
MPRegen 0.69/turn

%: no passive effects
@: slow
A: amphibious, slowness 1, strong legs 2, +LOS
a: Hop, Renounce Religion


You were on level 2 of the Orcish Mines.
You worshipped Vehumet.
Vehumet was extremely pleased with you.
You visited 4 branches of the dungeon, and saw 19 of its levels.
You also visited: Sewer and Gauntlet.

You collected 1748 gold pieces.
You spent 452 gold pieces at shops.

Inventory:

Missiles
 M - 2 throwing nets
Armour
 c - a +2 robe of positive energy
 r - +0 acid dragon scales
 w - the +1 Delatra's gloves (worn) {ID++}
   (You found it on level 3 of the Dungeon)

   ID++:      It heals its wearer when they drink unknown potions, and restores
   their MP when they read unknown scrolls.
 z - a +2 helmet of see invisible (worn)
 P - a +1 pair of boots (worn)
 S - a +1 robe of cold resistance (worn)
Magical Staves
 a - a staff of alchemy (weapon)
 b - a staff of fire
Jewellery
 g - a ring of protection from fire
 j - an amulet of magic regeneration (around neck)
 m - a +4 ring of protection (right hand)
 o - a ring of magical power (left hand)
 J - a ring of ice
 K - the ring of Buryn {Fire MP+9 SInv}
   (You found it on level 8 of the Dungeon)

   [ring of fire]

   Fire:      It enhances your fire magic.
   rF+:       It protects you from fire.
   rC-:       It makes you vulnerable to cold.
   MP+9:      It affects your magic capacity (+9).
   SInv:      It lets you see invisible.
 O - a ring of positive energy
 T - a ring of ice
Wands
 s - a wand of flame (24)
 H - a wand of mindburst (12)
 I - a wand of roots (13)
 L - a wand of paralysis (9)
Scrolls
 d - 3 scrolls of amnesia
 e - 2 scrolls of blinking
 f - a scroll of immolation
 h - 10 scrolls of teleportation
 n - a scroll of vulnerability
 u - 2 scrolls of poison
 x - 2 scrolls of fear
 y - a scroll of revelation
 B - 5 scrolls of enchant weapon
 E - 4 scrolls of summoning
 G - 4 scrolls of identify
 U - a scroll of fog
 Z - 3 scrolls of enchant armour
Potions
 i - 7 potions of curing
 k - 3 potions of heal wounds
 l - 3 potions of enlightenment
 p - a potion of brilliance
 q - 2 potions of magic
 t - 2 potions of invisibility
 v - 2 potions of haste
 A - 2 potions of lignification
 C - 2 potions of cancellation
 D - a potion of resistance
 F - 3 potions of might
 Q - 4 potions of mutation
Miscellaneous
 X - a phantom mirror
 Y - a lightning rod (4/4)


   Skills:
 - Level 5.0 Fighting
 + Level 10.2 Dodging
 - Level 1.7 Stealth
 * Level 17.1 Spellcasting
 - Level 12.0 Conjurations
 - Level 12.0 Fire Magic
 - Level 4.0 Air Magic
 - Level 5.0 Earth Magic
 - Level 4.0 Alchemy
 + Level 1.8 Evocations


You had 27 spell levels left.
You knew the following spells:

 Your Spells              Type           Power      Damage    Failure   Level
a - Stone Arrow           Conj/Erth      100%       3d13      1%          3
b - Sandblast             Erth           76%        2d16      1%          1
c - Flame Wave            Conj/Fire      62%        2d14      1%          4
d - Sticky Flame          Fire/Alch      67%        2d11      1%          4
e - Mephitic Cloud        Conj/Alch/Air  62%        N/A       1%          3
f - Fireball              Conj/Fire      31%        3d13      1%          5

Your spell library contained the following spells:

 Spells                   Type           Power      Damage    Failure   Level
 Ignite Poison            Fire/Alch      67%        N/A       1%          4
 Magic Dart               Conj           100%       1d8       0%          1
 Static Discharge         Conj/Air       100%       3-8/arc   1%          2
 Dazzling Flash           Conj/Hex       86%        N/A       1%          3
 Inner Flame              Hex/Fire       43%        N/A       1%          3
 Passwall                 Erth           38%        N/A       1%          3
 Swiftness                Air            34%        N/A       1%          3
 Brom's Barrelling Bould  Conj/Erth      52%        2d7       1%          4
 Iskenderun's Battlesphe  Conj           62%        2d11      1%          5
 Frozen Ramparts          Ice            34%        1d6       2%          3
 Call Imp                 Summ           34%        N/A       4%          2
 Ensorcelled Hibernation  Hex/Ice        34%        N/A       4%          2
 Sublimation of Blood     Necr           17%        N/A       4%          2
 Petrify                  Alch/Erth      53%        N/A       4%          4
 Conjure Ball Lightning   Conj/Air       25%        3x3d7     5%          6
 Orb of Destruction       Conj           31%        9d10      5%          7
 Gell's Gravitas          Tloc           17%        N/A       10%         3
 Ozocubu's Armour         Ice            17%        N/A       10%         3
 Sigil of Binding         Hex            17%        N/A       10%         3
 Teleport Other           Tloc           17%        N/A       10%         3
 Silence                  Hex/Air        13%        N/A       36%         5
 Curse of Agony           Necr           17%        N/A       65%         5
 Metabolic Englaciation   Hex/Ice        8%         N/A       65%         5
 Sculpt Simulacrum        Ice/Alch       19%        N/A       91%         6
 Death Channel            Necr           8%         N/A       99%         6
 Dispersal                Tloc           8%         N/A       99%         6
 Summon Hydra             Summ           8%         N/A       100%        7


Dungeon Overview and Level Annotations

Branches:
Dungeon (11/15)            Temple (1/1) D:4            Lair (5/5) D:8
 Shoals (0/4) Lair:3       Spider (0/4) Lair:3        Slime (0/5) Lair:4
    Orc (2/2) D:10            Elf (0/3) Orc:2         Sewer (visited)
Gauntlet (visited)

Altars:
Ashenzari
Cheibriados
Dithmenos
Elyvilon
Fedhas
Gozag
Hepliaklqana
Kikubaaqudgha
Makhleb
Nemelex Xobeh
Okawaru
Qazlal
Ru
Sif Muna
Trog
Uskayaw
Vehumet
Wu Jian
Xom
Yredelemnul
Zin
The Shining One

Shops:
D:3 *![   D:5 (   D:10 (   D:11 (   Orc:2 *

Annotations:
D:10 3 runed translucent doors, exclusion: 3 doors, souperman1983's ghost, journeyman SpEn


Innate Abilities, Weirdness & Mutations

You are amphibious.
You cover ground slowly.
You can hop long distances.
You have an extended range of vision and can be seen from far away.


Message History

Press: ? - help, Q - select action, (/) - cycle Shift-Dir - straight line, f/p - kobold blastminer
Aim: a kobold blastminer (moderately wounded)
The fireball explodes!
The fireball engulfs the kobold blastminer!
The kobold blastminer is heavily wounded.
You hear a shout! x2
You now have 35/44 mp.
Aiming: Fireball (mildly dangerous; 1% risk of failure)
Press: ? - help, Q - select action, (/) - cycle Shift-Dir - straight line, f/p - kobold blastminer
Aim: a kobold blastminer (heavily wounded)
The fireball explodes!
The fireball engulfs the kobold blastminer!!
You kill the kobold blastminer!
Vehumet accepts your kill.
You feel your power returning.
You hear a shout!
Aiming: Fireball (mildly dangerous; 1% risk of failure)
Press: ? - help, Q - select action, (/) - cycle Shift-Dir - straight line The fireball explodes!
The fireball engulfs the fungus!!
The fungus begins to die.
The fungus is lightly damaged.
The fireball engulfs the cyclops!
The cyclops is lightly wounded.
The fireball engulfs the ettin!!
The ettin is moderately wounded.
The fireball engulfs the fungus!!
The fungus begins to die.
The fungus is lightly damaged.
An ogre comes into view. It is wielding a +0 giant club.
You now have 30/44 mp.
Aiming: Fireball (mildly dangerous; 1% risk of failure)
Press: ? - help, Q - select action, (/) - cycle Shift-Dir - straight line, f - ettin
Aim: an ettin, wielding a +0 dire flail and a +0 great mace (moderately wounded)
The fireball explodes!
The fireball engulfs the ettin!
The ettin is heavily wounded.
The fireball engulfs the fungus!!
The fungus is moderately damaged.
The fireball engulfs the cyclops!
The cyclops is moderately wounded.
The fireball engulfs the fungus!!
The fungus is moderately damaged.
You now have 26/44 mp.
Aiming: Fireball (mildly dangerous; 1% risk of failure)
Press: ? - help, Q - select action, (/) - cycle Shift-Dir - straight line, p - ettin The fireball explodes!
The fireball engulfs the ettin!!
The ettin is almost dead.
The fireball engulfs the fungus!!
The fungus begins to die.
The fungus is lightly damaged.
The fireball engulfs the fungus!!
The fungus is moderately damaged.
The fireball engulfs the cyclops!
The cyclops is heavily wounded.
You now have 22/44 mp.
Aiming: Fireball (mildly dangerous; 1% risk of failure)
Press: ? - help, Q - select action, (/) - cycle Shift-Dir - straight line, f - fungus
Aim: a fungus (lightly damaged, withering away)
The fireball explodes!
The fireball engulfs the fungus!!
The fungus is lightly damaged.
The fireball engulfs the fungus!!
The fungus is heavily damaged.
The fireball engulfs the ettin!!
You kill the ettin!
Vehumet accepts your kill.
You feel your power returning.
The fireball engulfs the cyclops!
The cyclops is severely wounded.
An ettin comes into view. It is wielding two +0 dire flails.
You now have 20/44 mp.
Aiming: Fireball (mildly dangerous; 1% risk of failure)
Press: ? - help, Q - select action, (/) - cycle Shift-Dir - straight line, f - cyclops, p - fungus
Aim: a cyclops, quivering large rocks (severely wounded)
The fireball explodes!
The fireball engulfs the cyclops!!
You kill the cyclops!
Vehumet accepts your kill.
You feel your power returning.
The fireball engulfs the fungus!!
The fungus is moderately damaged.
A nearby fungus withers and dies. x2
A cyclops comes into view.
You now have 16/44 mp.
Aiming: Fireball (mildly dangerous; 1% risk of failure)
Press: ? - help, Q - select action, (/) - cycle Shift-Dir - straight line The fireball explodes!
The fireball engulfs the cyclops!!
The cyclops is moderately wounded.
The fireball engulfs the fungus!!
The fungus is moderately damaged.
The fireball engulfs the fungus!!
The fungus begins to die.
The fungus is lightly damaged.
The fireball engulfs the ogre!
The ogre is moderately wounded.
A nearby fungus withers and dies.
The cyclops throws a large rock.
The large rock hits you!!
The cyclops throws a large rock.
The large rock hits you!
* * * LOW HITPOINT WARNING * * *
You take 43 damage, and have 25/98 hp.
MASSIVE DAMAGE!!
You now have 12/44 mp.
Aiming: Fireball (mildly dangerous; 1% risk of failure)
Press: ? - help, Q - select action, (/) - cycle Shift-Dir - straight line
Okay, then.
The cyclops throws a large rock.
The large rock hits you!!
You die...

,,,,****.P...........#...,*,,**
,,,,,,*,......∩.P...#....,,,,,*
,,,,,,,,.............#.#*,,,,**
,,***,*,...P.....P....#***,***
>,,,,,,,...PP...CP...#* ***
,,,,,,,,,............###
,,,,,,,,,,,#...).O.....##
,,,,,,,,,,,,*#.......).$#*
,,,,,,,,,,,,,**#@........**
,,,,,,,,,,,,,,,#.........,*
,,,,,,,,,,,,,,,...<...##.**
,,,,,*,,,,,*,,.......##***
,,,,,**,,,,,,..........**
,,,,*,*,,,,,.......#....#
,,,,,,,*,,,........###.##
,,,,,,,,,,....$...## *##
,,,,,,,,,C.......##


You could see 2 cyclopes and an ogre.

Vanquished Creatures
  Rupert (Lair:4)
  Kirke (Lair:4)
  A minotaur (Gauntlet)
  Snorg (Lair:4)
  An ettin (Orc:2)
  5 hydras
  Fannar (D:10)
  Erolcha (D:10)
  3 catoblepae (Lair:5)
  19 death yaks
  Nergalle (Orc:1)
  3 skysharks
  A glowing orange brain (Gauntlet)
  An orb spider (Lair:3)
  3 lindwurms (Lair:5)
  An orc sorcerer (Orc:1)
  A necromancer (Gauntlet)
  3 manticores
  An ugly thing (Gauntlet)
  2 cyclopes
  4 black mambas
  4 elephants
  2 kobold blastminers
  13 cane toads
  A kobold demonologist (D:9)
  8 komodo dragons
  A troll (D:10)
  4 polar bears
  7 dream sheep (Lair:3)
  4 blink frogs (Lair:4)
  A shadow (D:10)
  A wraith (D:11)
  41 yaks
  3 unseen horror simulacra (D:9)
  3 hogs (Lair:4)
  A warg (Orc:1)
  6 wyverns
  A steam dragon (D:8)
  7 vampire mosquitoes
  3 basilisks
  2 acid dragons (D:11)
  Edmund (D:4)
  12 water moccasins
  Pargi (Sewer)
  2 orc warriors (D:8)
  2 sky beasts (D:7)
  A black bear (D:6)
  4 ice beasts
  3 ogres
  2 phantoms (D:6)
  9 centaurs
  7 wolves (Lair:1)
  4 kobold brigands
  13 bullfrogs
  A brain worm (Sewer)
  2 gnoll sergeants
  3 scorpions
  5 wights
  22 killer bees
  5 bombardier beetles
  3 hounds
  A jelly (D:7)
  6 orc priests
  2 gnoll boudas
  5 sleepcaps
  Jessica (D:3)
  2 iguanas (D:5)
  17 orc wizards
  2 centaur simulacra (D:9)
  Robin (D:4)
  23 gnolls
  9 adders
  2 shadow imps
  4 white imps (D:9)
  2 howler monkey simulacra (D:9)
  2 ufetubi (D:9)
  3 dart slugs
  36 orcs
  5 ball pythons
  6 endoplasms
  7 giant cockroaches
  13 goblins
  12 hobgoblins
  6 jackals
  16 kobolds
  2 quokkas
  12 bats
  4 frilled lizards
  4 rats (D:3)
475 creatures vanquished.

Notes
Turn   | Place    | Note
-------+----------+-------------------------------------------
     0 | D:1      | gimp the Barachi Earth Elementalist began the quest for the
                  | Orb.
     0 | D:1      | Reached XP level 1. HP: 13/13 MP: 3/3
    91 | D:1      | Reached XP level 2. HP: 19/19 MP: 1/5
   277 | D:1      | Reached XP level 3. HP: 21/24 MP: 0/6
   377 | D:1      | Learned a level 3 spell: Stone Arrow
  1233 | D:2      | Reached XP level 4. HP: 30/30 MP: 6/8
  1449 | D:2      | Reached skill level 3 in Spellcasting
  1628 | D:3      | Found a hide-covered altar of Uskayaw.
  1629 | D:3      | Found a stormy altar of Qazlal.
  1643 | D:3      | Found a faded altar of an unknown god.
  1720 | D:3      | Found a glowing drain.
  1818 | Sewer    | Entered a sewer
  1861 | Sewer    | Noticed a brain worm
  1868 | Sewer    | Killed a brain worm
  1869 | Sewer    | Reached XP level 5. HP: 23/35 MP: 6/10
  1950 | Sewer    | Noticed Pargi
  1993 | Sewer    | Killed Pargi
  1994 | Sewer    | Reached XP level 6. HP: 22/41 MP: 6/11
  2199 | D:3      | Found Hyzex's Antique Armour Boutique.
  2282 | D:3      | Found Rirghooh's Distillery.
  2289 | D:3      | Bought a potion of curing for 36 gold pieces
  2289 | D:3      | Bought a potion of heal wounds for 60 gold pieces
  2289 | D:3      | Bought a potion of lignification for 36 gold pieces
  2289 | D:3      | Bought a potion of curing for 36 gold pieces
  2695 | D:3      | Found Lenaluirph's Assorted Antiques.
  2702 | D:3      | Noticed Jessica
  2705 | D:3      | Killed Jessica
  2983 | D:3      | Found the +1 Delatra's gloves {ID++}
  3156 | D:4      | Found a radiant altar of Vehumet.
  3159 | D:4      | Reached skill level 5 in Conjurations
  3167 | D:4      | Reached skill level 4 in Spellcasting
  3170 | D:4      | Became a worshipper of Vehumet
  3229 | D:4      | Reached XP level 7. HP: 46/46 MP: 12/13
  3304 | D:4      | Found a sparkling altar of Nemelex Xobeh.
  3319 | D:4      | Found an ornate altar of the Wu Jian Council.
  3387 | D:4      | Found a staircase to the Ecumenical Temple.
  3398 | Temple   | Entered the Ecumenical Temple
  4125 | D:4      | Noticed Robin
  4189 | D:4      | Reached * piety under Vehumet
  4189 | D:4      | Offered knowledge of Magic Dart by Vehumet.
  4304 | D:4      | Killed Robin
  4563 | D:4      | Noticed Edmund
  4569 | D:4      | Killed Edmund
  4570 | D:4      | Reached skill level 5 in Earth Magic
  4742 | D:5      | Entered Level 5 of the Dungeon
  4958 | D:5      | Reached skill level 5 in Spellcasting
  4958 | D:5      | Reached XP level 8. HP: 52/52 MP: 15/15
  5368 | D:5      | Noticed a wyvern
  5392 | D:5      | Killed a wyvern
  5672 | D:5      | Reached skill level 6 in Spellcasting
  5854 | D:5      | Reached XP level 9. HP: 57/57 MP: 1/18
  6523 | D:5      | Found Lurokha's Weapon Shop.
  6641 | D:5      | Found a shimmering blue altar of Sif Muna.
  7154 | D:6      | Reached skill level 10 in Conjurations
  7155 | D:6      | Offered knowledge of Freeze by Vehumet.
  7159 | D:6      | Reached skill level 1 in Fire Magic
  7168 | D:6      | Learned a level 4 spell: Flame Wave
  7173 | D:6      | Learned a level 4 spell: Sticky Flame
  7287 | D:6      | Reached ** piety under Vehumet
  7288 | D:6      | Reached skill level 7 in Spellcasting
  7398 | D:6      | Learned a level 3 spell: Mephitic Cloud
  7788 | D:7      | Reached skill level 1 in Alchemy
  7803 | D:7      | Reached skill level 1 in Air Magic
  8744 | D:3      | Bought 2 scrolls labelled ZUESSO ZOMI for 64 gold pieces
  8744 | D:3      | Bought a scroll labelled KEGUESKA OSMU for 32 gold pieces
  8744 | D:3      | Bought a scroll labelled LYGUTITS NAOF LIE for 32 gold
                  | pieces
  8744 | D:3      | Bought a scroll labelled JUBBIU ZUAD for 32 gold pieces
  8744 | D:3      | Bought a murky orange potion for 28 gold pieces
  8829 | D:8      | Reached skill level 8 in Spellcasting
  8851 | D:7      | Reached XP level 10. HP: 41/63 MP: 2/22
  8976 | D:7      | Offered knowledge of Scorch by Vehumet.
  9129 | D:8      | Reached skill level 5 in Fire Magic
  9337 | D:8      | Reached *** piety under Vehumet
  9640 | D:8      | Found a staircase to the Lair.
  9838 | D:8      | Identified the ring of Buryn {Fire MP+9 SInv}
 10300 | D:9      | Offered knowledge of Volatile Blastmotes by Vehumet.
 10448 | D:9      | Noticed a kobold demonologist
 10455 | D:9      | Reached skill level 9 in Spellcasting
 10513 | D:9      | Killed a kobold demonologist
 10836 | D:9      | Reached skill level 1 in Fighting
 10940 | D:9      | Reached **** piety under Vehumet
 11166 | D:9      | Reached XP level 11. HP: 72/72 MP: 24/24
 11336 | D:9      | Reached skill level 10 in Spellcasting
 11482 | D:9      | Found a blossoming altar of Fedhas.
 11927 | D:3      | Bought a potion of mutation for 96 gold pieces
 12009 | D:10     | Entered Level 10 of the Dungeon
 12027 | D:10     | Found a staircase to the Orcish Mines.
 12040 | D:10     | Found Korodd's Antique Weapon Boutique.
 12143 | D:10     | Found a runed translucent gate.
 12143 | D:10     | Found a runed translucent gate.
 12145 | D:10     | Found a runed translucent gate.
 12146 | D:10     | Found an opulent altar of Gozag.
 12147 | D:10     | Noticed souperman1983's ghost (journeyman SpEn)
 12148 | D:10     | Noticed a manticore
 12226 | D:10     | Noticed Fannar
 12235 | D:10     | Killed Fannar
 12636 | D:10     | Noticed Erolcha
 12655 | D:10     | Killed Erolcha
 13226 | D:11     | Offered knowledge of Iskenderun's Battlesphere by Vehumet.
 13513 | D:11     | Found a gate leading to a gauntlet.
 13519 | D:11     | Reached skill level 11 in Spellcasting
 13534 | Gauntlet | Entered a Gauntlet
 13534 | Gauntlet | Noticed a green ugly thing
 13534 | Gauntlet | Noticed a large abomination
 13534 | Gauntlet | Noticed a glowing orange brain
 13534 | Gauntlet | Found a transporter.
 13534 | Gauntlet | Found a transporter.
 13695 | Gauntlet | Found a transporter.
 13697 | Gauntlet | Found a transporter.
 13699 | Gauntlet | Found a transporter.
 13699 | Gauntlet | Found a large runed translucent door.
 13699 | Gauntlet | Found a large runed translucent door.
 13700 | Gauntlet | Found a large runed translucent door.
 13700 | Gauntlet | Found a large runed translucent door.
 13701 | Gauntlet | Found a large runed translucent door.
 13701 | Gauntlet | Found a large runed translucent door.
 13701 | Gauntlet | Found a runed translucent door.
 13701 | Gauntlet | Found a runed translucent door.
 13702 | Gauntlet | Found a large runed translucent door.
 13702 | Gauntlet | Found a large runed translucent door.
 13703 | Gauntlet | Found a large runed translucent door.
 13703 | Gauntlet | Found a large runed translucent door.
 13703 | Gauntlet | Found a large runed translucent door.
 13704 | Gauntlet | Found a large runed translucent door.
 13706 | Gauntlet | Found a large runed translucent door.
 13706 | Gauntlet | Found a large runed translucent door.
 13706 | Gauntlet | Found a large runed translucent door.
 13706 | Gauntlet | Found a large runed translucent door.
 13708 | Gauntlet | Found a runed translucent gate.
 13708 | Gauntlet | Found a runed translucent gate.
 13708 | Gauntlet | Found a runed translucent gate.
 13708 | Gauntlet | Noticed a necromancer
 13709 | Gauntlet | Noticed a death yak
 13711 | Gauntlet | Noticed a death yak
 13711 | Gauntlet | Noticed a death yak
 13711 | Gauntlet | Noticed a death yak
 13711 | Gauntlet | Noticed a death yak
 13712 | Gauntlet | Found a transporter.
 13712 | Gauntlet | Noticed a death yak
 13748 | Gauntlet | Found a transporter.
 13754 | Gauntlet | Found a transporter.
 13759 | Gauntlet | Found a transporter.
 13777 | Gauntlet | Found a transporter.
 13785 | Gauntlet | Found a transporter.
 13805 | Gauntlet | Found a transporter.
 13909 | Gauntlet | Killed a green ugly thing
 13910 | Gauntlet | Killed a glowing orange brain
 13911 | Gauntlet | Reached skill level 5 in Fighting
 13920 | Gauntlet | Identified the ring "Xacasiuc" {Str+6 Dex+4}
 14035 | Gauntlet | Killed a death yak
 14035 | Gauntlet | Killed a death yak
 14036 | Gauntlet | Reached skill level 10 in Fire Magic
 14036 | Gauntlet | Killed a death yak
 14037 | Gauntlet | Reached XP level 12. HP: 63/86 MP: 27/27
 14040 | Gauntlet | Reached skill level 12 in Spellcasting
 14054 | Gauntlet | Killed a death yak
 14056 | Gauntlet | Killed a death yak
 14062 | Gauntlet | Killed a death yak
 14199 | Gauntlet | Learned a level 5 spell: Fireball
 14216 | Gauntlet | Noticed a minotaur
 14222 | Gauntlet | Killed a minotaur
 14223 | Gauntlet | Reached skill level 13 in Spellcasting
 14233 | Gauntlet | Identified the +8 rapier "Muzxizix" {heavy, Int+4}
 14234 | Gauntlet | Got Fomeox's Precepts of Violence and the Maleficium
 14512 | D:11     | Identified the +2 chain mail "Fastaofu" {Harm Fly MP-9
                  | Stlth+}
 14547 | D:11     | Found Fazef's Antique Weapon Shoppe.
 14935 | Lair:1   | Entered Level 1 of the Lair of Beasts
 15443 | Lair:1   | You fall into a shaft and drop 1 floor!
 17080 | Lair:3   | Gained mutation: You can hop long distances. [Barachi
                  | growth]
 17080 | Lair:3   | Reached XP level 13. HP: 73/91 MP: 20/30
 17231 | Lair:3   | Found a hole to the Spider Nest.
 17234 | Lair:3   | Reached skill level 14 in Spellcasting
 17313 | Lair:3   | Reached skill level 5 in Dodging
 17375 | Lair:3   | Found a staircase to the Shoals.
 17771 | Lair:4   | Noticed Kirke
 17815 | Lair:4   | Reached ***** piety under Vehumet
 17823 | Lair:4   | Offered knowledge of Ignite Poison by Vehumet.
 18118 | Lair:4   | Noticed Snorg
 18132 | Lair:4   | Killed Snorg
 18481 | Lair:4   | Noticed Rupert
 18492 | Lair:4   | Killed Rupert
 18493 | Lair:4   | Reached skill level 15 in Spellcasting
 18616 | Lair:4   | Found a staircase to the Slime Pits.
 18851 | Lair:4   | Killed Kirke
 19214 | Lair:5   | Entered Level 5 of the Lair of Beasts
 19461 | Lair:5   | Reached XP level 14. HP: 98/98 MP: 33/33
 20300 | Lair:5   | Reached skill level 16 in Spellcasting
 21245 | Lair:5   | Identified the +8 flail of Xithragup {freeze, +Blink Dex+5}
 21451 | Orc:1    | Entered Level 1 of the Orcish Mines
 21454 | Orc:1    | Noticed Nergalle
 21461 | Orc:1    | Killed Nergalle
 21462 | Orc:1    | Reached skill level 10 in Dodging
 21462 | Orc:1    | Reached skill level 17 in Spellcasting
 21583 | Orc:1    | Reached skill level 1 in Evocations
 21841 | Orc:2    | Entered Level 2 of the Orcish Mines
 21844 | Orc:2    | Noticed a stone giant
 21928 | Orc:2    | Found Qyemn's General Store.
 21938 | Orc:2    | Hit by a large rock thrown by a cyclops

Illustrated notes

Levels and vault maps discovered:
D:1:      lemuel_arrival_lava_pool, layout_basic
D:2:      layout_loops_ring
D:3:      layout_basic, nicolae_overflow_two_pavilions,
          chequers_ecumenical_altar_twisty, serial_shops, shop, shop,
          nicolae_shop_just_a_little_nook, cheibrodos_sewer_entry_drain,
          nrook_campfire, pf_guarded_unrand_delatra, uniq_jessica
D:4:      layout_cave_pods, nicolae_vehumet_radiance,
          nemelex_xobeh_ov_fountains_minmay, old_standard_altar,
          minmay_temple_entry_statues_fountains, uniq_robin, uniq_edmund
D:5:      minmay_chambers_of_fours, layout_layer_cave, tgw_sif, serial_bayou,
          serial_bayou_pond_d, serial_bayou_pond_e, serial_bayou_shore_b,
          serial_bayou_ford_a, serial_shops, nicolae_square_shop,
          serial_library_regret_index_small_wings
D:6:      layout_basic, minivault_25
D:7:      layout_cave_pools
D:8:      layout_cave_pools, lair_entry_dummy, st_stairs_11
D:9:      layout_loops_cross, lemuel_round_altar, serial_ice, serial_ice_o,
          serial_ice_e, serial_ice_i, serial_ice_d, serial_ice_n, serial_ice_g
D:10:     layout_stronghold, orc_0_dummy, ebering_ghost_gozag,
          nicolae_take_the_stairs, uniq_fannar, uniq_erolcha
D:11:     layout_roguey, serial_shops, nicolae_shop_just_a_little_nook,
          gauntlet_entry_generic, hangedman_decor_growths
Temple:   nicolae_temple_bog_church
Lair:1:   layout_long_grid, serial_rivers, chequers_serial_rivers_small_b,
          chequers_serial_rivers_micro_d, chequers_serial_rivers_room_b,
          chequers_serial_rivers_micro_a, chequers_serial_rivers_marsh,
          chequers_serial_rivers_micro_c
Lair:2:   layout_long_grid
Lair:3:   layout_big_grid, minmay_shoals_entry_centaurs,
          nicolae_spider_entry_orb_guardian
Lair:4:   layout_regular_city, slime_entry_1, uniq_snorg, uniq_kirke,
          uniq_rupert
Lair:5:   evilmike_catoblepas_cave, layout_cave_pods, nicolae_lair_lindhole
Orc:1:    layout_caves, uniq_nergalle
Orc:2:    grunt_orc_gardens, layout_diamond_mine, grunt_orc_garden,
          grunt_orc_garden, grunt_orc_garden, grunt_orc_garden,
          gammafunk_ghost_abyssal_escape, enter_volcano_3, basic_altar

Skill      XL: |  1  2  3  4  5  6  7  8  9 10 11 12 13 14 |
---------------+-------------------------------------------+-----
Conjurations   | 2 3 4 5 7 9 10 12 | 12.0
Spellcasting   | 3 4 5 6 8 9 11 13 15 17 | 17.1
Earth Magic    | 4 5 |  5.0
Fire Magic     | 4 7 10 12 | 12.0
Alchemy        | 2 4 |  4.0
Air Magic      | 2 4 |  4.0
Fighting       | 2 5 |  5.0
Dodging        | 4 7 10 | 10.2
Evocations     | 1 |  1.8
Stealth        | |  1.7

Action                     |  1- 3 |  4- 6 |  7- 9 | 10-12 | 13-15 || total
---------------------------+-------+-------+-------+-------+-------++-------
  Melee: Unarmed           |    12 |       |       |       |       ||    12
         Short sword       |     7 |       |       |       |       ||     7
         Dagger            |       |       |    20 |     7 |       ||    27
   Cast: Sandblast         |    54 |    49 |       |       |       ||   103
         Stone Arrow       |       |    10 |   181 |   336 |   242 ||   769
         Mephitic Cloud    |       |       |       |     9 |    10 ||    19
         Flame Wave        |       |       |       |     4 |     7 ||    11
         Fireball          |       |       |       |     1 |    50 ||    51
         Sticky Flame      |       |       |       |       |    11 ||    11
Ability: Hop               |     2 |       |     2 |     2 |     3 ||     9
  Evoke: Wand              |       |       |       |     1 |       ||     1
    Use: Scroll            |       |       |    10 |    12 |     1 ||    23
         Potion            |       |       |     2 |     5 |     2 ||     9
 Armour: Robe              |    37 |    20 |    52 |   152 |   121 ||   382
         Skin              |       |       |       |    15 |       ||    15
  Dodge: Dodged            |    46 |    21 |    29 |   112 |    49 ||   257

Table legend: (Time is in decaauts)
 A = Elapsed time spent in this place.
 B = Non-inter-level travel time spent in this place.
 C = Inter-level travel time spent in this place.
 D = Time resting spent in this place.
 E = Time spent auto-exploring this place.
 F = Levels seen in this place.
 G = Mean time per level.
                   A        B        C        D        E       F      G
               +--------+--------+--------+--------+--------+-----+--------+
         Total |  24456 |  23037 |   1419 |    363 |  19071 |  21 | 1164.6 |
       Dungeon |  15385 |  14431 |    954 |    204 |  12063 |  11 | 1398.6 |
        Temple |      1 |      1 |      0 |      0 |      0 |   1 |    1.0 |
          Lair |   7231 |   6815 |    416 |     32 |   5935 |   5 | 1446.2 |
  Orcish Mines |    550 |    501 |     49 |     43 |    396 |   2 |  275.0 |
         Sewer |    350 |    350 |      0 |      0 |    232 |   1 |  350.0 |
      Gauntlet |    937 |    937 |      0 |     84 |    443 |   1 |  937.0 |
               +--------+--------+--------+--------+--------+-----+--------+

Top non-repeatable levels by time:
     D:5: 2192 daAuts
  Lair:5: 2106 daAuts
     D:4: 1687 daAuts
  Lair:4: 1676 daAuts
     D:3: 1672 daAuts
     D:9: 1644 daAuts
    D:10: 1445 daAuts
     D:8: 1435 daAuts
     D:7: 1313 daAuts
     D:6: 1283 daAuts
  Lair:3: 1243 daAuts
  Lair:2: 1124 daAuts
  Lair:1: 1080 daAuts
Gauntlet: 937 daAuts
     D:2: 913 daAuts
